 Dungeon Crawl Stone Soup version 0.24.0-123-gd5b16e6ec5 (webtiles) character file.

Game seed: 10694529792262449865, levelgen mode: deterministic

283 Descartes the Sneak (level 6, -2/26 HPs)
             Began as a Felid Wanderer on Feb 5, 2020.
             Killed by triggering an arrow trap (14 damage)
             ... in an ossuary.
             The game lasted 00:11:54 (6165 turns).

Descartes the Sneak (Felid Wanderer)                Turns: 6165, Time: 00:11:54

Health: -2/26      AC:  2    Str:  9    XL:     6   Next: 7%
Magic:  19/19      EV: 19    Int: 15    God:
Gold:   214        SH:  0    Dex: 15    Spells: 7/9 levels left
                                        Lives:  0   Deaths: 1

rFire    . . .     SeeInvis +     - Unarmed
rCold    . . .     Gourm    .   (shield unavailable)
rNeg     . . .     Faith    .   (armour unavailable)
rPois    .         Spirit   .   (helmet unavailable)
rElec    .         Reflect  .   (cloak unavailable)
rCorr    .         Harm     .   (gloves unavailable)
MR       .....                  (boots unavailable)
Stlth    ++++......             j - amulet of rage
HPRegen  0.08/turn              m - ring of magical power
MPRegen  0.16/turn              (no ring)

@: quick
A: very small, no armour, no weapons or thrown items, stealth, claws 1, fangs 3,
see invisible, carnivore, speed 1, shaggy fur 2, slow metabolism 1, sharp paws
a: Evoke Berserk Rage


You were in an ossuary.
You were full.

You visited 1 branch of the dungeon, and saw 4 of its levels.
You also visited: Ossuary.

You collected 214 gold pieces.

Inventory:

Missiles
 e - 100 arrows
 h - 30 stones
Jewellery
 j - an amulet of rage (around neck)
 m - a ring of magical power (left paw)
Scrolls
 a - 2 scrolls of blinking
 b - 2 scrolls of identify
 c - 2 scrolls of teleportation
 i - a scroll of fear {unknown}
 n - a scroll of enchant armour {unknown}
 p - a scroll of summoning {unknown}
 q - a scroll of magic mapping
 r - a scroll of fog {unknown}
 t - a scroll of immolation {unknown}
Potions
 d - 3 potions of curing
 g - a potion of cancellation {unknown}
 k - 2 potions of magic {unknown}
 l - a potion of berserk rage
 s - a potion of lignification
Comestibles
 f - 3 rations


   Skills:
 - Level 2.0 Fighting
 + Level 4.3 Dodging
 + Level 7.1 Stealth
 * Level 4.9 Unarmed Combat
 - Level 2.0 Spellcasting
   Level 1.2 Charms
 - Level 3.0 Translocations


You had 7 spell levels left.
You knew the following spells:

 Your Spells              Type           Power        Failure   Level  Hunger
a - Blink                 Tloc           N/A          10%         2    ###....

Your spell library contained the following spells:

 Spells                   Type           Power        Failure   Level  Hunger
 Magic Dart               Conj           #...         22%         1    #......
 Call Imp                 Summ           #.......     32%         2    ###....
 Slow                     Hex            #.......     32%         2    ###....
 Conjure Flame            Conj/Fire      #.......     54%         3    ###....
 Mephitic Cloud           Conj/Pois/Air  #.......     54%         3    ###....


Dungeon Overview and Level Annotations

Branches:
Dungeon (4/15)             Temple (0/1) D:4         Ossuary (1/1)

Altars:
Gozag
Kikubaaqudgha
Ru


Innate Abilities, Weirdness & Mutations

You cannot wear armour.
You are incapable of wielding weapons or throwing items.
Your paws allow you to move quietly. (Stealth)
You have sharp claws.
You have razor-sharp teeth.
You have supernaturally acute eyesight. (SInv)
You are carnivorous and can eat meat at any time.
You cover ground quickly.
You are covered in thick fur. (AC +2)
You have a slow metabolism.
Your sharp claws are effective at attacking unaware monsters.


Message History

The human zombie completely misses you.
You barely miss the human zombie.
The human zombie is almost destroyed.
The human zombie closely misses you.
You scratch the human zombie.
You destroy the human zombie!
Training target 3.0 for Translocations reached!
Your Translocations skill increases to level 3!
Welcome back to level 6!
You start resting.
Found a gate leading back out of this place.
You start resting.
The mummy is too close now for your liking.
There is an open door here.
Really walk into that arrow trap?
Okay, then.
Really walk into that arrow trap?
An arrow shoots out and hits you!
Ouch! That really hurt!
You die...

#.....# ##...##
#...# ##...##
#.....# ##...## ###
### ### #...#
####.###.###.####'##
^#.............#@^^#
^'.............'^∩^#
^#.............#^^^#
####.###.###.#######
### ### ###


There were no monsters in sight!

Vanquished Creatures
  A centaur (D:2)
  3 vampire bats (D:3)
  A bullfrog zombie (D:3)
  A human zombie (Ossuary)
  Terence (D:2)
  A big kobold zombie (Ossuary)
  A mummy (D:4)
  3 gnolls (D:2)
  4 adders
  An ooze (D:2)
  An adder skeleton (D:4)
  2 adder zombies (Ossuary)
  A dart slug (D:2)
  3 leopard geckos
  6 orcs (D:3)
  A bat skeleton (D:3)
  4 bat zombies (D:3)
  2 giant cockroaches (D:1)
  13 goblins
  8 hobgoblins
  3 jackals (D:3)
  4 kobolds
  2 quokkas
  2 ball pythons
  9 bats
  3 frilled lizards
  A goblin zombie (Ossuary)
  2 hobgoblin zombies (Ossuary)
  2 quokka zombies (Ossuary)
  6 rats
  3 rat zombies (Ossuary)
95 creatures vanquished.

Notes
Turn   | Place    | Note
-------+----------+-------------------------------------------
     0 | D:1      | Descartes the Felid Wanderer began the quest for the Orb.
     0 | D:1      | Descartes set off with the following items: a scroll of
                  | blinking, a potion of berserk rage, a scroll of
                  | teleportation, a potion of curing, a ration
     0 | D:1      | Reached XP level 1. HP: 9/9 MP: 4/4
   218 | D:1      | Reached skill level 6 in Stealth
   218 | D:1      | Reached XP level 2. HP: 13/13 MP: 6/6
  1522 | D:2      | Reached XP level 3. HP: 12/16 MP: 7/7
  1664 | D:2      | Noticed a centaur
  1670 | D:2      | Killed a centaur
  1670 | D:2      | Reached XP level 4. HP: 17/19 MP: 8/8
  1951 | D:2      | Noticed Terence
  2309 | D:2      | Killed Terence
  2309 | D:2      | Reached XP level 5. HP: 22/22 MP: 9/9
  3003 | D:2      | Found a sacrificial altar of Ru.
  3118 | D:3      | Learned a level 2 spell: Blink
  3268 | D:3      | Found an ancient bone altar of Kikubaaqudgha.
  3281 | D:3      | Reached skill level 1 in Translocations
  3521 | D:3      | Gained mutation: You are covered in thick fur. (AC +2)
                  | [Felid growth]
  3521 | D:3      | Reached XP level 6. HP: 14/26 MP: 10/10
  5054 | D:3      | Found an opulent altar of Gozag.
  5950 | D:4      | Found a sand-covered staircase.
  5957 | D:4      | Reached skill level 7 in Stealth
  5962 | Ossuary  | Entered an ossuary
  5970 | Ossuary  | Slain by a mummy
  5971 | Ossuary  | Reached XP level 5. HP: -2/22 MP: 18/18
  6117 | Ossuary  | Reached XP level 6. HP: 8/26 MP: 10/10
  6165 | Ossuary  | Killed by triggering an arrow trap

Levels and vault maps discovered:
D:1:      tarquinn_simple_flora_water_a, layout_rooms
D:2:      layout_basic, nicolae_ru_the_path_less_chosen, uniq_terence
D:3:      layout_loops_ring, kennysheep_vampire_church, grunt_gozag_statues,
          st_stairs_8
D:4:      layout_loops_ring, minmay_temple_entry_grid,
          nicolae_ossuary_entry_giza
Ossuary:  ossuary_minmay_chase

Skill      XL: |  1  2  3  4  5  6 |
---------------+-------------------+-----
Stealth        | 6 7 |  7.1
Dodging        | 2 3 4 |  4.3
Unarmed Combat | 2 3 4 |  4.9
Translocations | 3 |  3.0
Fighting       | |  2.0
Spellcasting   | |  2.0
Charms         | |  1.2

Action                   |  1- 3 |  4- 6 || total
-------------------------+-------+-------++-------
Melee: Unarmed           |    67 |   259 ||   326
       Bite              |     4 |    22 ||    26
       Punch             |       |     3 ||     3
  Use: Potion            |     1 |     2 ||     3
       Scroll            |       |     2 ||     2
 Stab: Sleeping          |    10 |    14 ||    24
  Eat: Chunk             |     9 |    11 ||    20
Armor: Skin              |    11 |    24 ||    35
Dodge: Dodged            |    47 |   231 ||   278
